Map: Rainfall LE

Players

Serral - Winner!

  • Race: Zerg Zerg
  • League: Master
  • Spawn Location: 11:00

Cellsidus

  • Race: Zerg Zerg
  • League: Grandmaster
  • Spawn Location: 5:00

VOD

Have the link to the VOD?

Description

Time

  • Played on: July 4, 2026, 7:08 a.m.
  • Length: 5:40
Show
View Real Time Build Order
Export as new Build Order

Serral Zerg - Winner!

Build Orders: Pool First 

Get SALT Encoding   

  8  0:00  Drone  
  9  0:10  Drone  
  10  0:16  Drone  
  11  0:27  Overlord  
  11  0:33  Drone  
  12  0:45  Drone x2  
  14  0:50  Drone  
  15  1:00  Drone  
  16  1:06  Spawning Pool  
  16  1:10  Drone  
  16  1:20  Drone  
  17  1:34  Hatchery  
  17  1:38  Drone  
  17  1:40  Extractor  
  16  1:53  Queen  
  18  1:54  Zergling x2  
  18  1:59  Drone  
  20  2:05  Overlord  
  20  2:13  Spine Crawler  
  19  2:17  Zergling x2  
  20  2:27  Zergling x2  
  21  2:31  Queen  
  24  2:37  Zergling x2  
  24  2:47  Zergling x2  
  24  2:49  Baneling Nest  
  24  2:50  Zergling x2  
  26  3:00  Zergling x2  
  27  3:06  Overlord, Zergling x2  
  28  3:13  Evolution Chamber  
  28  3:19  Queen  
  26  3:27  Drone  
  26  3:33  Baneling  
  27  3:37  Drone  
  27  3:38  Drone  
  29  3:42  Zergling x4  
  29  3:44  Baneling  
  31  3:53  Drone  
  32  4:02  Drone  
  32  4:18  Drone  
  32  4:19  Drone x2  
  34  4:28  Baneling  
  34  4:29  Hatchery  
  33  4:35  Zergling x2  
  33  4:36  Baneling  
  33  4:37  Drone  
  35  4:41  Overlord  
  35  4:46  Drone  
  35  4:47  Baneling  
  36  5:02  Roach Warren  
  36  5:04  Drone x2  
  36  5:05  Drone  
  37  5:09  Baneling  
  37  5:10  Drone  
  37  5:14  Extractor  
  37  5:16  Zergling x4  
Show
View Real Time Build Order
Export as new Build Order

Cellsidus Zerg 

Build Orders: 1 Base Baneling Bust, Pool Only, Zergling Baneling 

Get SALT Encoding   

  8  0:00  Drone  
  9  0:10  Drone  
  10  0:16  Drone  
  11  0:22  Drone  
  12  0:30  Extractor  
  11  0:44  Spawning Pool  
  11  0:50  Drone  
  11  0:54  Drone  
  12  1:03  Extractor  
  12  1:04  Drone  
  13  1:14  Overlord  
  13  1:32  Zergling x6  
  16  1:39  Metabolic Boost  
  16  1:45  Zergling x2  
  17  1:54  Zergling x2  
  18  2:01  Baneling Nest  
  17  2:06  Zergling x2  
  18  2:12  Zergling x2  
  19  2:23  Zergling x2  
  20  2:37  Overlord  
  20  2:45  Baneling x2  
  19  2:55  Queen  
  19  2:57  Baneling x2  
  21  2:58  Zergling x2  
  21  3:05  Baneling  
  22  3:11  Baneling  
  22  3:14  Zergling x2  
  19  3:28  Baneling  
  19  3:30  Baneling  
  19  3:32  Zergling x4  
  21  3:38  Zergling x2  
  21  3:40  Baneling  
  19  3:58  Drone x2  
  21  4:03  Zergling x4  
  21  4:08  Baneling x2  
  21  4:24  Overlord  
  21  4:37  Zergling x4  
  20  4:40  Baneling  
  20  4:47  Zergling x2  
  20  4:48  Zergling x2  
  20  4:49  Baneling  
  20  4:50  Baneling x2  
  22  4:56  Zergling x4  
  24  5:06  Zergling x4  
  27  5:14  Zergling x2  
Tags
 
Add a new tag
Caveats
  • Supply blocks, unpowered buildings, or Contaminate may cause inaccurate times.
  • Supply counts are checked every 10 seconds.